 Dungeon Crawl Stone Soup version 0.28.0 (webtiles) character file.

Game seed: 11474012045818795712

97684 Labrat the Eclecticist (level 15, -2/121 HPs)
             Began as a Demigod Conjurer on Feb 12, 2022.
             Shot with an arrow by a centaur warrior (27 damage)
             ... on level 14 of the Dungeon on Feb 15, 2022.
             The game lasted 02:09:08 (30457 turns).

Labrat the Eclecticist (Demigod Conjurer)          Turns: 30457, Time: 02:09:09

Health: -2/121     AC:  6    Str: 16    XL:     15   Next: 28%
Magic:  6/48       EV: 16    Int: 40    God:
Gold:   2663       SH:  0    Dex: 16    Spells: 18/44 levels left

rFire   + . .      SeeInvis .   Q - +6 trident (freeze)
rCold   + . .      Faith    .   (no shield)
rNeg    . . .      Spirit   .   b - +4 robe of Augmentation {Str+4 Int+4 Dex+4}
rPois   .          Reflect  .   q - +0 hat {Will+}
rElec   .          Harm     .   v - scarf {rC+ rF+}
rCorr   .          Rampage  .   (no gloves)
Will    ++...                   (no boots)
Stlth   ++........              t - amulet of magic regeneration
HPRegen 0.30/turn               d - ring of magical power
MPRegen 0.71/turn               Z - ring of wizardry

@: no status effects
A: high MP 1, forlorn, divine attributes
a: no special abilities


You were on level 14 of the Dungeon.
You visited 4 branches of the dungeon, and saw 23 of its levels.
You also visited: Bailey and Gauntlet.

You collected 2663 gold pieces.

Inventory:

Hand Weapons
 Q - a +6 trident of freezing (weapon)
Missiles
 w - 5 throwing nets
 I - 2 boomerangs of dispersal
 S - 14 curare-tipped darts
 U - 7 silver javelins
Armour
 b - the +4 robe of Augmentation (worn) {Str+4 Int+4 Dex+4}
   (You found it on level 7 of the Dungeon)

   Str:       It affects your strength (+4).
   Int:       It affects your intelligence (+4).
   Dex:       It affects your dexterity (+4).
 q - a +0 hat of willpower (worn)
 v - a scarf of resistance (worn)
 W - the +1 steam dragon scales "Puixoet" {rN+ rCorr}
   (You found it on level 6 of the Lair of Beasts)

   rN:        It protects you from negative energy.
   rCorr:     It protects you from acid and corrosion.
Jewellery
 a - a ring of protection from cold
 d - a ring of magical power (left hand)
 p - a ring of willpower
 t - an amulet of magic regeneration (around neck)
 C - a +6 ring of intelligence
 N - the amulet of Teusisch {rC- Will+ Regen+ Str+2}
   (You found it in a Gauntlet)

   [amulet of regeneration]

   Str:       It affects your strength (+2).
   rC:        It makes you vulnerable to cold.
   Regen:     It increases your rate of health regeneration.
   Will:      It increases your willpower.
 Y - the amulet of Sunlight {RegenMP Harm rC+ Str-3}
   (You found it on level 6 of the Lair of Beasts)

   [amulet of magic regeneration]

   It increases your rate of magic regeneration.
   Str:       It affects your strength (-3).
   rC:        It protects you from cold.
   Harm:      It increases damage dealt and taken.
 Z - a ring of wizardry (right hand)
Wands
 e - a wand of flame (47)
 l - a wand of mindburst (12)
 B - a wand of iceblast (25)
 H - a wand of paralysis (31)
 L - a wand of digging (13)
 R - a wand of charming (9)
 T - a wand of polymorph (4)
Scrolls
 c - a scroll of blinking
 f - a scroll of acquirement
 g - a scroll of torment
 i - 3 scrolls of fear
 k - 11 scrolls of teleportation
 m - 2 scrolls of enchant armour
 n - a scroll of fog {unknown}
 x - a scroll of amnesia {unknown}
 y - a scroll of summoning {unknown}
 K - 4 scrolls of enchant weapon
 P - 3 scrolls of magic mapping {unknown}
 V - 2 scrolls of vulnerability {unknown}
Potions
 h - 2 potions of mutation
 j - 5 potions of brilliance
 o - 8 potions of lignification
 r - 6 potions of curing
 s - 2 potions of invisibility {unknown}
 u - 2 potions of ambrosia {unknown}
 z - a potion of resistance {unknown}
 A - 7 potions of might
 D - 8 potions of heal wounds
 E - 2 potions of attraction {unknown}
 F - 6 potions of magic
 G - 3 potions of haste
 J - 3 potions of cancellation
Miscellaneous
 M - a lightning rod (4/4)
 O - a phantom mirror
 X - a box of beasts


   Skills:
 - Level 8.0 Fighting
 - Level 8.0 Dodging
 - Level 1.7 Stealth
 - Level 15.0 Spellcasting
 - Level 12.0 Conjurations
 + Level 8.0 Ice Magic
 - Level 2.0 Air Magic
 - Level 5.0 Earth Magic
 - Level 2.0 Poison Magic
 - Level 10.0 Evocations


You had 18 spell levels left.
You knew the following spells:

 Your Spells              Type           Power      Damage    Failure   Level
a - Magic Dart            Conj           100%       1d8       0%          1
b - Searing Ray           Conj           100%       2d8       0%          2
c - Fulminant Prism       Conj/Hex       33%        3d16      1%          4
d - Stone Arrow           Conj/Erth      100%       3d13      1%          3
e - Mephitic Cloud        Conj/Pois/Air  64%        N/A       1%          3
i - Iskenderun's Mystic   Conj/Tloc      67%        2d14      1%          4
l - Lee's Rapid Deconstr  Erth           31%        3d17*     1%          5
r - Olgreb's Toxic Radia  Pois           46%        N/A       1%          4

Your spell library contained the following spells:

 Spells                   Type           Power      Damage    Failure   Level
 Freeze                   Ice            100%       1d11      1%          1
 Summon Small Mammal      Summ           100%       N/A       1%          1
 Call Imp                 Summ           30%        N/A       1%          2
 Ensorcelled Hibernation  Hex/Ice        100%       N/A       1%          2
 Passwall                 Tmut/Erth      41%        N/A       1%          2
 Call Canine Familiar     Summ           30%        N/A       1%          3
 Dazzling Flash           Conj/Hex       100%       N/A       1%          3
 Frozen Ramparts          Ice            100%       1d12      1%          3
 Inner Flame              Hex/Fire       30%        N/A       1%          3
 Portal Projectile        Hex/Tloc       60%        N/A       1%          3
 Summon Guardian Golem    Hex/Summ       30%        N/A       1%          3
 Swiftness                Air            46%        N/A       1%          3
 Animate Armour           Summ/Erth      100%       N/A       1%          4
 Hailstorm                Conj/Ice       83%        3d17      1%          4
 Petrify                  Tmut/Erth      50%        N/A       1%          4
 Cause Fear               Hex            15%        N/A       4%          4
 Blade Hands              Tmut           15%        N/A       12%         5
 Excruciating Wounds      Necr           15%        N/A       12%         5
 Summon Forest            Summ/Tloc      15%        N/A       12%         5
 Summon Mana Viper        Hex/Summ       30%        N/A       12%         5
 Ozocubu's Refrigeration  Ice            38%        4d12      13%         7
 Summon Cactus Giant      Summ           15%        N/A       52%         6
 Lehudib's Crystal Spear  Conj/Erth      39%        10d10     61%         8
 Discord                  Hex            15%        N/A       100%        8
 Ignition                 Fire           15%        3d6       100%        8


Dungeon Overview and Level Annotations

Branches:
Dungeon (14/15)            Temple (1/1) D:6            Lair (6/6) D:8
  Swamp (0/4) Lair:4        Snake (0/4) Lair:4        Slime (0/5) Lair:6
    Orc (2/2) D:11            Elf (0/3) Orc:2        Bailey (visited)
Gauntlet (visited)
 Vaults: D:13-14

Shops:
D:9 (   D:13 *   Orc:2 *(!:

Annotations:
D:13 3 runed translucent doors, Deukiw's ghost, journeyman SpEn


Innate Abilities, Weirdness & Mutations

You have an increased reservoir of magic. (+10% MP)
You shall have no god before yourself.
Your divine heritage dramatically boosts your attributes as you level up.


Message History

Casting: Mephitic Cloud (safe; 1% risk of failure)
Confirm with . or Enter, or press ? or * to list all spells.
You erupt in a blast of force!
The mystic blast hits the vault guard!
The vault guard is severely wounded.
The vault guard is knocked back by the mystic blast.
The vault guard is engulfed in noxious fumes.
The vault guard appears confused.
Casting: Iskenderun's Mystic Blast (safe; 1% risk of failure)
Confirm with . or Enter, or press ? or * to list all spells.
You begin to radiate toxic energy.
The vault guard is poisoned.
The vault guard looks even sicker.
The vault guard is engulfed in noxious fumes.
Unknown command.
Unknown command.
Unknown command.
Casting: Olgreb's Toxic Radiance (mildly dangerous; 1% risk of failure)
Confirm with . or Enter, or press ? or * to list all spells.
Aiming: Stone Arrow (safe; 1% risk of failure)
Press: ? - help, Shift-Dir - straight line, f/p - vault guard
Aim: a vault guard, wielding a +0 long sword and wearing a +0 chain mail (noxious fumes, severely wounded, confused, very poisoned, 92% to hit)
The stone arrow hits the vault guard!!
You kill the vault guard!
Your toxic aura wanes.
Your Ice Magic skill increases to level 8!
You start resting.
A centaur warrior comes into view. It is wielding a +0 dagger.
The centaur warrior unwields a +0 dagger.
The centaur warrior wields a +0 shortbow.
The centaur warrior shoots an arrow.
The arrow hits you!!
* * * LOW HITPOINT WARNING * * *
The centaur warrior shoots an arrow.
The arrow misses you.
The centaur warrior shoots an arrow.
The arrow hits you.
* * * LOW HITPOINT WARNING * * *
Unknown command.
Aiming: Paralyse
Press: ? - help, Shift-Dir - straight line, f - centaur warrior
Aim: a centaur warrior, wielding a +0 shortbow and quivering arrows (chance to affect: 54%)
The centaur warrior resists with significant effort.
The centaur warrior shoots an arrow.
The arrow hits you!!
You die...

#######'## ###....# #..# ..#
########'### #.## .###
##..........# #.
#'#########...........###+######
#.........#.........>.##(.......
.#####.#.#...........##.....†..
#...#.............#....)....
#.###..#........)....)†[....
#.....##c..@.......)).......
####'#####.########')'##......
##....# #.#.....#.....#.#####
###..#### #.#(....'.p...#....#
#...## #.#..⌠..)..⌠..#.##.##
#)##### #.#.....'...."#.##...
......# #.#...()#....)#.#####
......# #.##'''########......
......# #.#.... #......


You could see a centaur warrior.

Vanquished Creatures
  Jorgrun (Orc:2)
  Gastronok (D:11)
  Nessos (D:13)
  A dire elephant (Lair:5)
  A minotaur (Gauntlet)
  Snorg (Lair:5)
  Fannar (Lair:2)
  Harold (D:7)
  4 vault guards
  A rakshasa (D:14)
  12 hydras
  2 ogre magi (Orc:1)
  5 boulder beetles
  2 centaur warriors
  13 death yaks
  4 catoblepae
  A death scarab (Gauntlet)
  3 orc high priests (Orc:2)
  Sonja (Lair:1)
  4 orc knights (Orc:2)
  3 wizards (D:14)
  Pikel (D:7)
  2 deep elf pyromancers
  7 orc sorcerers
  4 ugly things (D:14)
  6 cyclopes
  3 manticores
  Maurice (D:11)
  14 elephants (Lair:5)
  An ice statue (Gauntlet)
  Joseph (Lair:1)
  4 black mambas
  22 cane toads
  A gargoyle (D:12)
  A kobold demonologist (D:11)
  A rime drake (shapeshifter) (D:14)
  4 rime drakes
  3 freezing wraiths (D:14)
  Psyche (D:11)
  An unseen horror (D:13)
  14 komodo dragons
  The ghost of altcumming the Sneak, an amateur NaDe (D:6)
  8 trolls
  A polar bear (Lair:4)
  4 hornets (Orc:1)
  A tyrant leech (Gauntlet)
  8 blink frogs (Lair:6)
  Prince Ribbit (Bailey)
  7 dream sheep (Lair:4)
  A centaur simulacrum (D:14)
  A vampire (D:12)
  2 shadows (D:11)
  3 wyverns
  A spriggan (Lair:5)
  21 humans
  4 basilisks
  2 wraiths
  43 yaks
  3 vampire mosquitoes (D:14)
  A spectral komodo dragon (Gauntlet)
  A human (shapeshifter) (D:14)
  A steam dragon (D:10)
  Grum (D:11)
  5 wargs
  A naga (Lair:4)
  4 swamp worms (Gauntlet)
  18 water moccasins
  2 floating eyes (Orc:1)
  20 orc warriors
  An ice beast (D:6)
  8 ogres
  2 sky beasts
  3 necrophages
  A phantom (D:7)
  17 wolves
  17 centaurs
  A lemure (D:7)
  A kobold brigand (D:7)
  19 bullfrogs
  A scorpion (D:4)
  A wyvern skeleton (D:5)
  A water moccasin zombie (D:5)
  4 killer bees (D:9)
  11 wights
  11 howler monkeys
  A bullfrog zombie (D:6)
  3 centaur zombies
  5 quasits (D:6)
  3 hounds
  16 orc priests
  Crazy Yiuf (D:5)
  A bullfrog skeleton (D:6)
  3 centaur skeletons
  An iron imp (D:11)
  15 orc wizards
  A scorpion zombie (D:5)
  Terence (D:2)
  A hound skeleton (D:3)
  A howler monkey zombie (D:8)
  5 gnolls
  7 adders
  2 shadow imps
  3 ufetubi
  2 worms
  A dart slug (D:4)
  55 orcs
  13 ball pythons
  12 endoplasms
  2 giant cockroaches
  9 goblins
  7 hobgoblins
  6 jackals
  5 bats
  4 frilled lizards
  9 kobolds
  A rat (D:3)
616 creatures vanquished.

Vanquished Creatures (others)
  24 fulminant prisms
  107 fungi
  106 plants
237 creatures vanquished.

Grand Total: 853 creatures vanquished

Notes
Turn   | Place    | Note
-------+----------+-------------------------------------------
     0 | D:1      | Labrat the Demigod Conjurer began the quest for the Orb.
     0 | D:1      | Reached XP level 1. HP: 14/14 MP: 5/5
    61 | D:1      | Reached skill level 2 in Spellcasting
   219 | D:1      | Reached XP level 2. HP: 20/20 MP: 3/7
   717 | D:2      | Reached XP level 3. HP: 26/26 MP: 1/9
   956 | D:2      | Learned a level 2 spell: Searing Ray
  1004 | D:2      | Reached skill level 3 in Spellcasting
  1004 | D:2      | Reached XP level 4. HP: 25/33 MP: 8/11
  1518 | D:2      | Noticed Terence
  1584 | D:2      | Killed Terence
  2223 | D:3      | Reached skill level 5 in Conjurations
  2223 | D:3      | Reached XP level 5. HP: 36/38 MP: 7/13
  2826 | D:3      | Reached skill level 4 in Spellcasting
  3146 | D:4      | Reached XP level 6. HP: 45/45 MP: 7/16
  3202 | D:4      | Reached skill level 5 in Spellcasting
  3304 | D:4      | Reached skill level 1 in Fighting
  4237 | D:5      | Entered Level 5 of the Dungeon
  4303 | D:5      | Found a runed translucent door.
  4304 | D:5      | Noticed Crazy Yiuf
  4336 | D:5      | Reached XP level 7. HP: 57/57 MP: 12/17
  4962 | D:5      | Reached skill level 5 in Fighting
  5166 | D:5      | Reached skill level 1 in Evocations
  5256 | D:6      | Found a staircase to the Ecumenical Temple.
  5284 | Temple   | Entered the Ecumenical Temple
  5308 | D:6      | Found a transporter.
  5308 | D:6      | Noticed altcumming's ghost (amateur NaDe)
  5333 | D:6      | Reached XP level 8. HP: 68/68 MP: 15/19
  5335 | D:6      | Found a transporter.
  5494 | D:6      | HP: 3/68 [ogre (24)]
  6098 | D:6      | Reached skill level 6 in Spellcasting
  6499 | D:6      | Learned a level 3 spell: Mephitic Cloud
  6563 | D:7      | Found a flagged portal.
  6585 | Bailey   | Entered a bailey
  6787 | Bailey   | Reached XP level 9. HP: 55/74 MP: 18/22
  6792 | Bailey   | Learned a level 4 spell: Iskenderun's Mystic Blast
  6797 | Bailey   | Learned a level 4 spell: Fulminant Prism
  7088 | Bailey   | Noticed Prince Ribbit
  7096 | Bailey   | Killed Prince Ribbit
  7124 | Bailey   | Noticed a vault guard
  7150 | Bailey   | Killed a vault guard
  7151 | Bailey   | Reached skill level 7 in Spellcasting
  7151 | Bailey   | Reached skill level 5 in Evocations
  7153 | Bailey   | Noticed a vault guard
  7198 | Bailey   | Killed a vault guard
  7199 | Bailey   | Reached skill level 8 in Spellcasting
  7199 | Bailey   | Reached skill level 1 in Poison Magic
  7358 | D:7      | Noticed Harold
  7473 | D:7      | Reached skill level 1 in Air Magic
  7649 | D:7      | Found the +4 robe of Augmentation {Str+4 Int+4 Dex+4}
  7725 | D:7      | Noticed a six-headed hydra
  8022 | D:7      | Noticed Pikel
  8026 | D:7      | Killed Harold
  8027 | D:7      | Reached XP level 10. HP: 81/81 MP: 19/26
  8031 | D:7      | Killed Pikel
  8109 | D:7      | Killed a six-headed hydra
  8110 | D:7      | Reached skill level 5 in Dodging
  8484 | D:8      | Reached skill level 9 in Spellcasting
  8488 | D:8      | Noticed an eight-headed hydra
  8503 | D:8      | HP: 2/81 [eight-headed hydra (14)]
  9051 | D:8      | Found a staircase to the Lair.
  9107 | D:8      | Killed an eight-headed hydra
  9721 | D:5      | Killed Crazy Yiuf
  9844 | D:6      | Killed altcumming's ghost
  9845 | D:6      | Reached skill level 10 in Spellcasting
 10108 | D:9      | Identified the +1 leather armour "Macay" {Harm +Inv Str+6
                  | Int-3}
 10240 | D:9      | Reached XP level 11. HP: 80/86 MP: 23/30
 10479 | D:9      | Found Xufares's Antique Weapon Shoppe.
 10960 | D:10     | Entered Level 10 of the Dungeon
 10979 | D:10     | Reached skill level 11 in Spellcasting
 11546 | D:10     | Learned a level 3 spell: Stone Arrow
 12063 | Lair:1   | Entered Level 1 of the Lair of Beasts
 12187 | Lair:1   | Noticed Joseph
 12456 | Lair:1   | Reached skill level 12 in Spellcasting
 12628 | Lair:1   | Killed Joseph
 12673 | Lair:1   | Noticed Sonja
 12677 | Lair:1   | Killed Sonja
 12682 | Lair:1   | Noticed a seven-headed hydra
 12694 | Lair:1   | Killed a seven-headed hydra
 13214 | Lair:1   | Reached skill level 10 in Conjurations
 13426 | Lair:2   | Noticed a five-headed hydra
 13430 | Lair:2   | Killed a five-headed hydra
 13510 | Lair:2   | Reached XP level 12. HP: 95/95 MP: 26/32
 13734 | Lair:2   | Noticed Fannar
 13755 | Lair:2   | Killed Fannar
 14084 | Lair:2   | Identified a scroll of acquirement
 14502 | Lair:3   | Noticed a seven-headed hydra
 14515 | Lair:3   | Killed a seven-headed hydra
 15291 | Lair:4   | Noticed a boulder beetle
 15301 | Lair:4   | Killed a boulder beetle
 15388 | Lair:4   | Noticed a seven-headed hydra
 15399 | Lair:4   | Killed a seven-headed hydra
 15575 | Lair:4   | Noticed a five-headed hydra
 15583 | Lair:4   | Killed a five-headed hydra
 15913 | Lair:4   | Found a staircase to the Swamp.
 15942 | Lair:4   | Found a staircase to the Snake Pit.
 16457 | Lair:5   | Noticed Snorg
 16618 | Lair:5   | Reached XP level 13. HP: 98/107 MP: 13/34
 16725 | Lair:5   | Noticed a dire elephant
 17239 | Lair:5   | Killed Snorg
 17785 | Lair:5   | Reached skill level 13 in Spellcasting
 18104 | Lair:5   | Killed a dire elephant
 18309 | Lair:6   | Entered Level 6 of the Lair of Beasts
 18942 | Lair:6   | Reached skill level 14 in Spellcasting
 19115 | Lair:6   | Identified the +1 steam dragon scales "Puixoet" {rN+ rCorr}
 19288 | Lair:6   | Found a staircase to the Slime Pits.
 19920 | Lair:6   | Reached skill level 15 in Spellcasting
 19920 | Lair:6   | Reached XP level 14. HP: 115/115 MP: 6/38
 20614 | Lair:6   | Identified the amulet of Sunlight {RegenMP Harm rC+ Str-3}
 21164 | D:11     | Found a gate leading to a gauntlet.
 21170 | Gauntlet | Entered a Gauntlet
 21170 | Gauntlet | Found a transporter.
 21180 | Gauntlet | Found a transporter.
 21191 | Gauntlet | Found a transporter.
 21194 | Gauntlet | Found a transporter.
 21204 | Gauntlet | Found a transporter.
 21219 | Gauntlet | Found a runed translucent door.
 21220 | Gauntlet | Found a transporter.
 21221 | Gauntlet | Found a runed translucent door.
 21231 | Gauntlet | Found a transporter.
 21242 | Gauntlet | Found a transporter.
 21256 | Gauntlet | Found a transporter.
 21256 | Gauntlet | Found a transporter.
 21270 | Gauntlet | Found a transporter.
 21283 | Gauntlet | Found a transporter.
 21295 | Gauntlet | Found a runed translucent gate.
 21296 | Gauntlet | Found a transporter.
 21296 | Gauntlet | Found a runed translucent gate.
 21296 | Gauntlet | Found a transporter.
 21297 | Gauntlet | Found a runed translucent gate.
 21373 | Gauntlet | Learned a level 5 spell: Lee's Rapid Deconstruction
 21589 | Gauntlet | Reached skill level 1 in Earth Magic
 21811 | Gauntlet | Identified the amulet of Teusisch {rC- Will+ Regen+ Str+2}
 21964 | Gauntlet | Got the Papyrus of Torrid Changing
 22290 | D:11     | Noticed Maurice
 22294 | D:11     | Killed Maurice
 22766 | D:11     | Found a staircase to the Orcish Mines.
 22887 | D:11     | Noticed Gastronok
 23279 | D:11     | Noticed Grum
 23286 | D:11     | Killed Grum
 23485 | D:11     | Noticed Psyche
 23628 | D:11     | Killed Psyche
 23725 | D:11     | Learned a level 4 spell: Olgreb's Toxic Radiance
 24015 | D:11     | Killed Gastronok
 25270 | Orc:1    | Entered Level 1 of the Orcish Mines
 25856 | Orc:1    | Reached skill level 5 in Earth Magic
 25910 | Orc:1    | Reached skill level 1 in Ice Magic
 26078 | Orc:2    | Entered Level 2 of the Orcish Mines
 26078 | Orc:2    | Noticed Jorgrun
 26092 | Orc:2    | Killed Jorgrun
 26448 | Orc:2    | Found a staircase to the Elven Halls.
 27444 | Orc:2    | Found Qeiboj's Book Emporium.
 27444 | Orc:2    | Found Orinufe's Distillery.
 27445 | Orc:2    | Found Kief's Antique Weapon Shop.
 27445 | Orc:2    | Found Wylomos's Assorted Antiques.
 27636 | D:13     | Found a runed translucent gate.
 27637 | D:13     | Found a runed translucent gate.
 27637 | D:13     | Found a runed translucent gate.
 27639 | D:13     | Noticed Deukiw's ghost (journeyman SpEn)
 27682 | D:13     | Reached skill level 10 in Evocations
 28183 | D:13     | Found Hihad's Assorted Antiques.
 28371 | D:13     | Identified the +7 spear of Thoughtfulness {freeze, *Rage
                  | rElec Dex+6}
 28424 | D:13     | Reached XP level 15. HP: 82/121 MP: 34/39
 28847 | D:13     | Noticed Nessos
 28853 | D:13     | Killed Nessos
 28854 | D:13     | Reached skill level 5 in Ice Magic
 30457 | D:14     | Shot with an arrow by a centaur warrior

Illustrated notes

Levels and vault maps discovered:
D:1:      dpeg_arrival_rhombus, layout_rooms, hellmonk_ecumenical_altar_blasted
D:2:      layout_loops_ring, basic_altar, uniq_terence
D:3:      layout_basic
D:4:      minmay_opposing_rooms, layout_loops_ring
D:5:      layout_basic, bh_walls_and_bars, uniq_crazy_yiuf_cottage
D:6:      layout_cave_pods, kennysheep_little_box, minmay_temple_entry_glass,
          gammafunk_ghost_stat_death
D:7:      layout_basic, enter_bailey_4, uniq_harold, uniq_pikel
D:8:      layout_loops_ring, lair_entry_dummy
D:9:      layout_irregular_city, serial_shops, nicolae_square_shop
D:10:     layout_rooms
D:11:     layout_loops_ring, hiddenorc2_lemuel, gauntlet_entry_generic,
          chequers_serial_rivers_micro_d, slow_altar_1, uniq_grum, uniq_psyche,
          uniq_maurice, uniq_gastronok
D:12:     layout_loops_cross, tgw_lugonu_bribe
D:13:     layout_layer_cave, serial_shops, nicolae_lakefront_shop,
          maelrawn_ghost_gauntlet_escape, minmay_crystal_water, uniq_nessos
D:14:     layout_roguey, grunt_vaults_entry_tiered,
          hangedman_abyss_or_decor_stagger, nrook_mini_vaults
Temple:   nicolae_temple_the_god_donut
Lair:1:   layout_roguey, beast_lair_carwin_9, infiniplex_staircase_pool_2,
          uniq_joseph, uniq_sonja
Lair:2:   layout_hall_layers, uniq_fannar
Lair:3:   layout_layer_cave, mumra_transporter_accident
Lair:4:   layout_regular_city, swamp_mist, guppyfry_snake_entry_island,
          serial_bayou_shore_a, grunt_megastairs_2
Lair:5:   mu_elephants_graveyard, layout_gridlike, uniq_snorg
Lair:6:   evilmike_catoblepas_cave, layout_cellular_growth,
          nicolae_slime_entry_slimehenge, basic_altar, lemuel_fruit_tree
Orc:1:    hellmonk_paralyzer, layout_caves, basic_altar
Orc:2:    st_orc_elflike, layout_diamond_mine, basic_altar, uniq_jorgrun

Skill      XL: |  1  2  3  4  5  6  7  8  9 10 11 12 13 14 15 |
---------------+----------------------------------------------+-----
Spellcasting   | 2 3 4 5 6 8 10 12 15 | 15.0
Conjurations   | 4 5 6 8 10 12 | 12.0
Fighting       | 3 5 8 |  8.0
Evocations     | 2 4 5 10 | 10.0
Poison Magic   | 2 |  2.0
Air Magic      | 2 |  2.0
Dodging        | 3 5 8 |  8.0
Earth Magic    | 5 |  5.0
Ice Magic      | 4 8 |  8.0
Stealth        | |  1.7

Action                   |  1- 3 |  4- 6 |  7- 9 | 10-12 | 13-15 || total
-------------------------+-------+-------+-------+-------+-------++-------
Melee: Spear             |     8 |    31 |   102 |    74 |       ||   215
       Punch             |       |       |       |     5 |     6 ||    11
       Trident           |       |       |       |   141 |   198 ||   339
Throw: Dart              |       |       |     6 |       |     4 ||    10
 Cast: Magic Dart        |    57 |    81 |    63 |    40 |    30 ||   271
       Searing Ray       |       |    15 |    44 |    24 |     5 ||    88
       Mephitic Cloud    |       |       |    15 |    24 |    28 ||    67
       Iskenderun's Myst |       |       |     9 |    81 |   179 ||   269
       Fulminant Prism   |       |       |       |    16 |     8 ||    24
       Stone Arrow       |       |       |       |   126 |   403 ||   529
       Olgreb's Toxic Ra |       |       |       |       |    31 ||    31
       Lee's Rapid Decon |       |       |       |       |    21 ||    21
Evoke: Wand              |       |       |       |     2 |     3 ||     5
       Lightning rod     |       |       |       |       |    11 ||    11
       Box of beasts     |       |       |       |       |     1 ||     1
       Phantom mirror    |       |       |       |       |     1 ||     1
  Use: Potion            |       |     1 |     1 |       |       ||     2
       Scroll            |       |       |     6 |    11 |     7 ||    24
 Stab: Sleeping          |       |     1 |     2 |     1 |       ||     4
       Confused          |       |       |     3 |    11 |     9 ||    23
Armor: Robe              |     2 |     9 |    22 |    60 |    45 ||   138
Dodge: Dodged            |     9 |    44 |   145 |   234 |   258 ||   690
